 Dungeon Crawl Stone Soup version 0.26-a0-708-g17f3b190f9 (webtiles) character file.

Game seed: 8809187355967436807

264 vt the Chopper (level 6, -8/52 HPs)
             Began as a Hill Orc Delver on Oct 27, 2020.
             Was an Initiate of Yredelemnul.
             Mangled by a phantom (9 damage)
             ... on level 4 of the Dungeon.
             The game lasted 00:12:09 (1023 turns).

vt the Chopper (Hill Orc Delver)                    Turns: 1023, Time: 00:12:09

Health: -8/52      AC:  0    Str: 15 (17) XL:     6   Next: 19%
Magic:  6/6        EV:  6    Int:  8 (10) God:    Yredelemnul [......]
Gold:   107        SH:  0    Dex:  9 (12) Spells: 5/5 levels left

rFire    . . .     SeeInvis .   a - +0 hand axe
rCold    . . .     Faith    .   (no shield)
rNeg     . . .     Spirit   .   n - +0 chain mail
rPois    .         Reflect  .   (no helmet)
rElec    .         Harm     .   (no cloak)
rCorr    .         Rampage  .   (no gloves)
MR       .....                  (no boots)
Stlth    ..........             (no amulet)
HPRegen  0.17/turn              (no ring)
MPRegen  0.10/turn              (no ring)

@: corroded
A: no striking features
a: Renounce Religion


You were on level 4 of the Dungeon.
You worshipped Yredelemnul.
Yredelemnul was noncommittal.
You visited 2 branches of the dungeon, and saw 4 of its levels.
You also visited: Sewer.

You collected 107 gold pieces.

Inventory:

Hand Weapons
 a - a +0 hand axe (weapon)
 i - a +1 long sword of holy wrath
   (You found it on level 6 of the Dungeon)
Missiles
 c - 3 datura-tipped darts (quivered)
 k - 3 boomerangs
Armour
 b - a +0 leather armour
 d - a +0 ring mail
   (You took it off an orc on level 5 of the Dungeon)
 n - a +0 chain mail (worn)
   (You took it off an orc on level 6 of the Dungeon)
Wands
 g - a wand of digging (3)
Scrolls
 f - a scroll of immolation
 m - a scroll of magic mapping


   Skills:
 - Level 4.1 Fighting
 + Level 7.5 Axes
 - Level 2.0 Dodging
 - Level 4.3 Stealth


You had 5 spell levels left.
You didn't know any spells.
Your spell library was empty.

Dungeon Overview and Level Annotations

Branches:
Dungeon (6/15)             Temple (1/1) D:5           Sewer (visited)

Altars:
Ashenzari
Cheibriados
Elyvilon
Fedhas
Hepliaklqana
Kikubaaqudgha
Makhleb
Nemelex Xobeh
Qazlal
Sif Muna
Trog
Uskayaw
Wu Jian
Xom
Yredelemnul
Zin

Shops:
D:5 *

Annotations:
D:5 exclusions: howler monkey and ice beast
D:6 exclusion: ogre


Message History

You hit the phantom.
The phantom is moderately damaged.
The phantom hits you but does no damage.
You miss the phantom.
The phantom is moderately damaged.
The phantom barely misses you.
You hit the phantom.
The phantom is heavily damaged.
The phantom hits you.
* * * LOW HITPOINT WARNING * * *
You hit the phantom.
The phantom is heavily damaged.
The phantom hits you but does no damage.
You hit the phantom but do no damage.
The phantom is heavily damaged.
The phantom blinks!
A jelly comes into view.
The jelly quivers.
The phantom blinks!
The jelly moves out of view.
The phantom blinks!
The jelly completely misses you.
You hit the jelly.
Your hands burn!
* * * LOW HITPOINT WARNING * * *
The jelly is lightly wounded.
The jelly barely misses you.
You barely miss the jelly.
The jelly is lightly wounded.
The jelly hits you but does no damage.
You hit the jelly but do no damage. The acid corrodes you!
Your hands burn!
* * * LOW HITPOINT WARNING * * *
The jelly is lightly wounded.
The jelly closely misses you.
It was a potion of ambrosia.
You are confused.
You feel invigorated. The phantom barely misses you.
The jelly hits you but does no damage.
You bump into the closed door.
The phantom hits you.
* * * LOW HITPOINT WARNING * * *
The jelly closely misses you.
You bump into the closed door.
The phantom hits you.
* * * LOW HITPOINT WARNING * * *
The jelly hits you but does no damage. The phantom hits you.
* * * LOW HITPOINT WARNING * * *
The jelly barely misses you. The phantom closely misses you.
The jelly hits you but does no damage.
You're too confused to move!
You feel less invigorated.
You feel less confused. The phantom barely misses you. The jelly hits you.
The acid corrodes you!
You are splashed with acid!
* * * LOW HITPOINT WARNING * * *
It was a potion of degeneration.
There was something very wrong with that liquid.
You feel weakened.
You feel dopey.
You feel clumsy. The phantom hits you.
* * * LOW HITPOINT WARNING * * *
The phantom blinks!
The jelly hits you but does no damage.
It was a potion of curing.
You feel better. The jelly hits you.
You are splashed with acid.
You hit the jelly.
Your hands burn!
* * * LOW HITPOINT WARNING * * *
The jelly is lightly wounded.
You hit the jelly. The acid corrodes you!
Your hands burn!
* * * LOW HITPOINT WARNING * * *
The jelly is moderately wounded.
The jelly hits you.
* * * LOW HITPOINT WARNING * * *
You are splashed with acid!
* * * LOW HITPOINT WARNING * * *
An iguana comes into view.
You barely miss the jelly.
The jelly is moderately wounded.
The iguana hisses angrily.
The jelly barely misses you.
As you read the scroll of fear, it crumbles to dust.
You assume a fearsome visage.
The phantom is unaffected.
The iguana looks frightened!
The jelly looks frightened!
The phantom barely misses you. The phantom hits you.
* * * LOW HITPOINT WARNING * * *
You climb upwards.
Level annotation: exclusions: howler monkey and ice beast The phantom barely misses you.
The phantom hits you.
* * * LOW HITPOINT WARNING * * *
An ufetubus comes into view.
The phantom barely misses you.
You climb upwards.
You hit the phantom but do no damage.
The phantom is moderately damaged.
The phantom blinks!
Your chain mail prevents you from hitting the phantom.
The phantom is moderately damaged.
The phantom hits you.
* * * LOW HITPOINT WARNING * * *
You closely miss the phantom.
The phantom is moderately damaged.
The phantom hits you!
You die...
Your body rises from the dead as a mindless zombie.

░.░░.░ ..░.░
░.░.░ ..
░░...░░░░░░ ...
░.........░
....░.........░
....░...§.....░
........@(....░
...░....W....░
░.........░
░.........░
░.........░
░.........░
.............
░░░.........░░
░░░░░░░░.░.


You could see a phantom.

Vanquished Creatures
  A water moccasin (Sewer)
  A black bear (D:6)
  An orc priest (D:5)
  2 adders
  A worm (D:6)
  A leopard gecko (D:6)
  5 orcs
  3 giant cockroaches (D:5)
  5 bats (Sewer)
  A rat (D:5)
21 creatures vanquished.

Vanquished Creatures (others)
  8 plants (D:5)
8 creatures vanquished.

Grand Total: 29 creatures vanquished

Notes
Turn   | Place    | Note
-------+----------+-------------------------------------------
     0 | D:5      | vt the Hill Orc Delver began the quest for the Orb.
     0 | D:5      | Reached XP level 1. HP: 19/19 MP: 1/1
    15 | D:5      | Noticed an ice beast
    24 | D:5      | Noticed a howler monkey
    56 | D:5      | HP: 5/20 [orc/+0 club (1)]
    72 | D:5      | Found a basalt altar of Yredelemnul.
    76 | D:5      | Noticed an orc priest
    86 | D:5      | Found a staircase to the Ecumenical Temple.
   104 | Temple   | Entered the Ecumenical Temple
   235 | D:5      | Killed an orc priest
   235 | D:5      | Reached skill level 4 in Fighting
   235 | D:5      | Reached skill level 3 in Axes
   235 | D:5      | Reached skill level 2 in Dodging
   235 | D:5      | Reached XP level 2. HP: 13/27 MP: 2/2
   235 | D:5      | Reached XP level 3. HP: 16/33 MP: 3/3
   240 | D:5      | Found Feppuabb's General Store.
   246 | D:5      | Became a worshipper of Yredelemnul the Dark
   307 | D:5      | Found a glowing drain.
   377 | D:5      | HP: 7/33 [giant cockroach (2)]
   379 | D:5      | HP: 2/33 [giant cockroach (2)]
   386 | D:5      | HP: 1/33 [poisoned by an adder]
   395 | D:5      | Reached skill level 4 in Axes
   401 | Sewer    | Entered a sewer
   402 | Sewer    | no exit
   433 | Sewer    | HP: 6/33 [bat (1)]
   540 | Sewer    | Noticed a water moccasin
   550 | Sewer    | Killed a water moccasin
   550 | Sewer    | Reached skill level 5 in Axes
   550 | Sewer    | Reached skill level 6 in Axes
   550 | Sewer    | Reached XP level 4. HP: 25/40 MP: 4/4
   550 | Sewer    | Reached XP level 5. HP: 29/46 MP: 5/5
   719 | D:6      | Noticed a black bear
   730 | D:6      | Killed a black bear
   730 | D:6      | Reached skill level 7 in Axes
   730 | D:6      | Reached XP level 6. HP: 28/52 MP: 6/6
   892 | D:6      | Noticed an ice beast
   926 | D:6      | Noticed a phantom
  1002 | D:6      | HP: 7/52 [acid (10)]
  1008 | D:6      | HP: 3/52 [phantom (5)]
  1015 | D:5      | HP: 3/52 [phantom (1)]
  1022 | D:4      | HP: 1/52 [phantom (3)]
  1023 | D:4      | Mangled by a phantom

Illustrated notes

▓▓b....▓▓
▓b..≈..b▓
▓..≈≈≈..▓
▓b≈≈≈≈≈.▓
▓..≈≈≈..▓
▓...≈...▓
▓.....▓
▓.@.▓
▓▓.▓▓ ▓▓▓


Turn 402 on Sewer: no exit

Levels and vault maps discovered:
D:4:      layout_basic, gammafunk_temple_overflow_arena
D:5:      layout_cave_pools, overflow_temple_1_default, lemuel_round_altar,
          minmay_temple_entry_sparse_star, serial_shops, nicolae_shop_trees,
          portal_sewer_entry_c, kennysheep_crisscross, serial_bayou_pond_c
D:6:      layout_gridville, marbit_many_paths, st_stairs_13,
          vehumet_altar_wand_db
Temple:   regret_index_temple_waves

Skill      XL: |  1  2  3  4  5 |
---------------+----------------+-----
Fighting       | 4 |  4.1
Axes           | 3 6 7 |  7.5
Dodging        | 2 |  2.0
Stealth        | |  4.3

Action                   |  1- 3 |  4- 6 || total
-------------------------+-------+-------++-------
Melee: Hand axe          |    80 |    79 ||   159
  Use: Scroll            |     5 |     1 ||     6
       Potion            |     2 |     3 ||     5
 Stab: Sleeping          |       |     1 ||     1
Armor: Ring mail         |    27 |    17 ||    44
       Chain mail        |       |    10 ||    10
Dodge: Dodged            |    45 |    45 ||    90

Table legend: (Time is in decaauts)
 A = Elapsed time spent in this place.
 B = Non-inter-level travel time spent in this place.
 C = Inter-level travel time spent in this place.
 D = Time resting spent in this place.
 E = Time spent auto-exploring this place.
 F = Levels seen in this place.
 G = Mean time per level.
                   A        B        C        D        E       F      G
               +--------+--------+--------+--------+--------+-----+--------+
         Total |   1097 |   1055 |     42 |      0 |      0 |   5 |  219.4 |
       Dungeon |    682 |    673 |      9 |      0 |      0 |   3 |  227.3 |
        Temple |    118 |     85 |     33 |      0 |      0 |   1 |  118.0 |
         Sewer |    296 |    296 |      0 |      0 |      0 |   1 |  296.0 |
               +--------+--------+--------+--------+--------+-----+--------+

Top non-repeatable levels by time:
     D:5: 378 daAuts
   Sewer: 296 daAuts
     D:6: 285 daAuts
  Temple: 118 daAuts
     D:4: 19 daAuts

Table legend:
 A = Kills in this place as a percentage of kills in entire the game.
 B = Kills by you in this place as a percentage of kills by you in the entire game.
 C = Kills by friends in this place as a percentage of kills by friends in the entire game.
 D = Other kills in this place as a percentage of other kills in the entire game.
 E = Experience gained in this place as a percentage of experience gained in the entire game.
 F = Experience gained in this place divided by the number of levels of this place that you have seen.
                   A       B       C       D       E      F
               +-------+-------+-------+-------+-------+----------------------
         Total | 100.0 | 100.0 |   N/A |   N/A | 100.0 |  75.6
       Dungeon |  71.4 |  71.4 |   N/A |   N/A |  59.0 |  74.3
         Sewer |  28.6 |  28.6 |   N/A |   N/A |  41.0 | 155.0
               +-------+-------+-------+-------+-------+----------------------
